| TOP OF THE 1ST |
|
Oklahoma State University Cowboys batting - Pitching for Clemson University Tigers : RHP Joe Maid
|
|
Pitching: RHP Joe Maid
|
|
|
Batting: RHB Simon Gravitt
|
0-0: Foul Ball, location: 2F 0-1: SINGLE (Line Drive, 6D, EV 98.8 MPH)
|
|
Batting: RHB Jon Guzman
|
0-0: Called Strike 0-1: Ball 1-1: Foul Ball, location: 2F 1-2: Ball 2-2: Strikes out swinging
|
|
Batting: LHB Kyle David
|
0-0: Called Strike 0-1: Called Strike 0-2: Strikes out swinging
|
|
Batting: LHB Jeff Williams
|
0-0: Ground out 4-3 (Groundball, 4, EV 83.8 MPH)
|
| Top of the 1st over - 0 runs, 1 hit, 0 errors, 1 left on base; Oklahoma State University 0 - Clemson University 0 |
| BOTTOM OF THE 1ST |
|
Clemson University Tigers batting - Pitching for Oklahoma State University Cowboys : LHP Ellis Harris
|
|
Pitching: LHP Ellis Harris
|
|
|
Batting: LHB Mario Nunez
|
0-0: Swinging Strike 0-1: Ball 1-1: Fly out, F8 (Flyball, 8LM, EV 88.1 MPH)
|
|
Batting: RHB Josh LeSage
|
0-0: Ball 1-0: Ball 2-0: SINGLE (Line Drive, 4D, EV 97.5 MPH)
|
|
Batting: RHB Marco Maggs
|
0-0: Ball 1-0: Ball 2-0: Ball 3-0: Base on Balls Josh LeSage to second
|
|
Batting: RHB David Rhodes
|
0-0: Grounds into double play, 4-6-3 (Groundball, 4S, EV 86.9 MPH)
|
| Bottom of the 1st over - 0 runs, 1 hit, 0 errors, 1 left on base; Oklahoma State University 0 - Clemson University 0 |
| TOP OF THE 2ND |
|
Oklahoma State University Cowboys batting - Pitching for Clemson University Tigers : RHP Joe Maid
|
|
Batting: RHB Magnus Laursen
|
0-0: Ball 1-0: Ball 2-0: Foul Ball, location: 2F 2-1: Foul Ball, location: 2F 2-2: Fly out, F3 (Popup, 3L, EV 78.1 MPH)
|
|
Batting: LHB Cory Rohr
|
0-0: Called Strike 0-1: Ball 1-1: Ball 2-1: Called Strike 2-2: Ball 3-2: Foul Ball, location: 2F 3-2: Base on Balls
|
|
Batting: RHB Rory Cardosi
|
0-0: Called Strike 0-1: Ball 1-1: Ball 2-1: Ball 3-1: Swinging Strike 3-2: Base on Balls Cory Rohr to second
|
|
Batting: RHB Estevan Alvarez
|
0-0: Ball 1-0: Called Strike 1-1: Swinging Strike 1-2: Strikes out swinging
|
|
Batting: RHB Frederik Koster
|
0-0: Fly out, F9 (Flyball, 9D, EV 88.8 MPH)
|
| Top of the 2nd over - 0 runs, 0 hits, 0 errors, 2 left on base; Oklahoma State University 0 - Clemson University 0 |
| BOTTOM OF THE 2ND |
|
Clemson University Tigers batting - Pitching for Oklahoma State University Cowboys : LHP Ellis Harris
|
|
Batting: LHB Steve Gates
|
0-0: Called Strike 0-1: Ball 1-1: Fly out, F8 (Flyball, 8LM, EV 90.6 MPH)
|
|
Batting: RHB Jason Duncan
|
0-0: Fly out, F9 (Flyball, 9S, EV 86.9 MPH)
|
|
Batting: LHB George Jedinak
|
0-0: Ball 1-0: Swinging Strike 1-1: Called Strike 1-2: Strikes out swinging
|
| Bottom of the 2nd over - 0 runs, 0 hits, 0 errors, 0 left on base; Oklahoma State University 0 - Clemson University 0 |
| TOP OF THE 3RD |
|
Oklahoma State University Cowboys batting - Pitching for Clemson University Tigers : RHP Joe Maid
|
|
Batting: RHB Simon Gravitt
|
0-0: Called Strike 0-1: Foul Ball, location: 2F 0-2: Fly out, F3 (Popup, 23F, EV 75.6 MPH)
|
|
Batting: RHB Jon Guzman
|
0-0: Ball 1-0: Called Strike 1-1: Ball 2-1: Fly out, F9 (Line Drive, 9LM, EV 94.4 MPH)
|
|
Batting: LHB Kyle David
|
0-0: Foul Ball, location: 2F 0-1: Ball 1-1: Ball 2-1: Foul Ball, location: 2F 2-2: SOLO HOME RUN (Flyball, 9LD, EV 106.9 MPH), Distance : 401 ft
|
|
Batting: LHB Jeff Williams
|
0-0: Ball 1-0: Ball 2-0: Called Strike 2-1: Foul Ball, location: 2F 2-2: Fly out, F8 (Flyball, 8LS, EV 81.2 MPH)
|
| Top of the 3rd over - 1 run, 1 hit, 0 errors, 0 left on base; Oklahoma State University 1 - Clemson University 0 |
| BOTTOM OF THE 3RD |
|
Clemson University Tigers batting - Pitching for Oklahoma State University Cowboys : LHP Ellis Harris
|
|
Batting: RHB Jose Rolon
|
0-0: Ball 1-0: Called Strike 1-1: Ball 2-1: SINGLE (Line Drive, 4D, EV 99.4 MPH)
|
|
Batting: RHB Willis Suarez
|
0-0: Ball 1-0: Ball 2-0: Grounds into double play, 4-6-3 (Groundball, 4, EV 93.1 MPH)
|
|
Batting: LHB Mario Nunez
|
0-0: Called Strike 0-1: Ball 1-1: SINGLE (Groundball, 34S, EV 69.4 MPH) (infield hit)
|
|
Batting: RHB Josh LeSage
|
0-0: Ball 1-0: Ball 2-0: Ball 3-0: Called Strike 3-1: Fielders Choice at 2nd, 5-4 (Groundball, 56, EV 110.6 MPH)
|
| Bottom of the 3rd over - 0 runs, 2 hits, 0 errors, 1 left on base; Oklahoma State University 1 - Clemson University 0 |
| TOP OF THE 4TH |
|
Oklahoma State University Cowboys batting - Pitching for Clemson University Tigers : RHP Joe Maid
|
|
Batting: RHB Magnus Laursen
|
0-0: SINGLE (Line Drive, 4D, EV 95.6 MPH)
|
|
Batting: LHB Cory Rohr
|
0-0: Foul Ball, location: 2F 0-1: Swinging Strike 0-2: Ball 1-2: Ball 2-2: Ball 3-2: Ground out 4-3 (Groundball, 4, EV 90.6 MPH) Magnus Laursen to second
|
|
Batting: RHB Rory Cardosi
|
0-0: Ground out 4-3 (Groundball, 34, EV 108.1 MPH) Magnus Laursen to third
|
|
Batting: RHB Estevan Alvarez
|
0-0: Ball 1-0: Called Strike 1-1: Foul Ball, location: 2F 1-2: Foul Ball, location: 2F 1-2: Fly out, F7 (Flyball, 7LSF, EV 89.4 MPH)
|
| Top of the 4th over - 0 runs, 1 hit, 0 errors, 1 left on base; Oklahoma State University 1 - Clemson University 0 |
| BOTTOM OF THE 4TH |
|
Clemson University Tigers batting - Pitching for Oklahoma State University Cowboys : LHP Ellis Harris
|
|
Batting: RHB Marco Maggs
|
0-0: DOUBLE (Flyball, 78D, EV 93.1 MPH)
|
|
Batting: RHB David Rhodes
|
0-0: Fly out, F7 (Flyball, 7LSF, EV 90.0 MPH)
|
|
Batting: LHB Steve Gates
|
0-0: Ball 1-0: Called Strike 1-1: Ball 2-1: Fly out, F7 (Flyball, 78M, EV 88.1 MPH)
|
|
Batting: RHB Jason Duncan
|
0-0: Ball 1-0: Foul Ball, location: 2F 1-1: Ball 2-1: Ball 3-1: Ground out U3 (Groundball, 34, EV 89.4 MPH)
|
| Bottom of the 4th over - 0 runs, 1 hit, 0 errors, 1 left on base; Oklahoma State University 1 - Clemson University 0 |
| TOP OF THE 5TH |
|
Oklahoma State University Cowboys batting - Pitching for Clemson University Tigers : RHP Joe Maid
|
|
Batting: RHB Frederik Koster
|
0-0: Ground out 6-3 (Groundball, 6, EV 87.5 MPH)
|
|
Batting: RHB Simon Gravitt
|
0-0: Ball 1-0: Fly out, F8 (Flyball, 8RM, EV 90.6 MPH)
|
|
Batting: RHB Jon Guzman
|
0-0: Called Strike 0-1: Foul Ball, location: 2F 0-2: Ball 1-2: Ball 2-2: SINGLE (Groundball, 56D, EV 96.9 MPH)
|
|
Batting: LHB Kyle David
|
0-0: Ball 1-0: Ball 2-0: Ball 3-0: Base on Balls Jon Guzman to second
|
|
Batting: LHB Jeff Williams
|
0-0: SINGLE (Flyball, 9LS, EV 93.1 MPH) Jon Guzman to third Kyle David to second Runner from 3rd tries for Home, SAFE, throw by RF to home
|
|
Batting: RHB Magnus Laursen
|
0-0: Called Strike 0-1: Ball 1-1: Foul Ball, location: 2F 1-2: Ground out 4-3 (Groundball, 4, EV 78.8 MPH)
|
| Top of the 5th over - 1 run, 2 hits, 0 errors, 2 left on base; Oklahoma State University 2 - Clemson University 0 |
| BOTTOM OF THE 5TH |
|
Clemson University Tigers batting - Pitching for Oklahoma State University Cowboys : LHP Ellis Harris
|
|
Batting: LHB George Jedinak
|
0-0: Ball 1-0: Swinging Strike 1-1: Called Strike 1-2: Fly out, F8 (Flyball, 8LS, EV 86.9 MPH)
|
|
Batting: RHB Jose Rolon
|
0-0: Ground out 6-3 (Groundball, 6, EV 105.0 MPH)
|
|
Batting: RHB Willis Suarez
|
0-0: Ball 1-0: Ball 2-0: Ball 3-0: Called Strike 3-1: Base on Balls
|
|
Batting: LHB Mario Nunez
|
0-0: Ball 1-0: Called Strike 1-1: Fielders Choice at 2nd, 5-4 (Groundball, 56, EV 101.2 MPH)
|
| Bottom of the 5th over - 0 runs, 0 hits, 0 errors, 1 left on base; Oklahoma State University 2 - Clemson University 0 |
| TOP OF THE 6TH |
|
Oklahoma State University Cowboys batting - Pitching for Clemson University Tigers : RHP Joe Maid
|
|
Batting: LHB Cory Rohr
|
0-0: Called Strike 0-1: Ball 1-1: Called Strike 1-2: Fly out, F8 (Line Drive, 8LS, EV 91.9 MPH)
|
|
Batting: RHB Rory Cardosi
|
0-0: Ball 1-0: Called Strike 1-1: Ball 2-1: Swinging Strike 2-2: SINGLE (Groundball, 56D, EV 112.5 MPH)
|
|
Batting: RHB Estevan Alvarez
|
0-0: Called Strike 0-1: Ball 1-1: Ball 2-1: Ball 3-1: Swinging Strike 3-2: Base on Balls Rory Cardosi to second
|
|
Pitching: RHP John Sweet
|
|
|
Batting: RHB Frederik Koster
|
0-0: Hit by Pitch Rory Cardosi to third Estevan Alvarez to second
|
|
Batting: RHB Simon Gravitt
|
0-0: Foul Ball, location: 2F 0-1: Foul Ball, location: 2F 0-2: Strikes out looking
|
|
Batting: RHB Jon Guzman
|
0-0: Ball 1-0: Called Strike 1-1: Foul Ball, location: 2F 1-2: Ball 2-2: Ball 3-2: Foul Ball, location: 2F 3-2: Foul Ball, location: 2F 3-2: Fly out, F8 (Flyball, 8LS, EV 89.4 MPH)
|
| Top of the 6th over - 0 runs, 1 hit, 0 errors, 3 left on base; Oklahoma State University 2 - Clemson University 0 |
| BOTTOM OF THE 6TH |
|
Clemson University Tigers batting - Pitching for Oklahoma State University Cowboys : LHP Ellis Harris
|
|
Batting: RHB Josh LeSage
|
0-0: Called Strike 0-1: Foul Ball, location: 2F 0-2: Strikes out swinging
|
|
Batting: RHB Marco Maggs
|
0-0: Ball 1-0: Called Strike 1-1: Foul Ball, location: 2F 1-2: Strikes out swinging
|
|
Batting: RHB David Rhodes
|
0-0: Foul Ball, location: 2F 0-1: Foul Ball, location: 2F 0-2: Fly out, F8 (Flyball, 8RD, EV 108.8 MPH)
|
| Bottom of the 6th over - 0 runs, 0 hits, 0 errors, 0 left on base; Oklahoma State University 2 - Clemson University 0 |
| TOP OF THE 7TH |
|
Oklahoma State University Cowboys batting - Pitching for Clemson University Tigers : RHP John Sweet
|
|
Batting: LHB Kyle David
|
0-0: Foul Ball, location: 2F 0-1: Ball 1-1: Foul Ball, location: 2F 1-2: Ball 2-2: Fly out, F5 (Popup, 25F, EV 88.8 MPH)
|
|
Batting: LHB Jeff Williams
|
0-0: Called Strike 0-1: Ball 1-1: Ball 2-1: Called Strike 2-2: Fly out, F7 (Flyball, 7, EV 86.9 MPH)
|
|
Batting: RHB Magnus Laursen
|
0-0: Ball 1-0: Foul Ball, location: 2F 1-1: Ground out 5-3 (Groundball, 56S, EV 91.2 MPH)
|
| Top of the 7th over - 0 runs, 0 hits, 0 errors, 0 left on base; Oklahoma State University 2 - Clemson University 0 |
| BOTTOM OF THE 7TH |
|
Clemson University Tigers batting - Pitching for Oklahoma State University Cowboys : LHP Ellis Harris
|
|
Batting: LHB Steve Gates
|
0-0: Ball 1-0: Ball 2-0: Called Strike 2-1: Called Strike 2-2: Fly out, F8 (Flyball, 8LD, EV 83.1 MPH)
|
|
Batting: RHB Jason Duncan
|
0-0: Ball 1-0: Ball 2-0: Fly out, F7 (Flyball, 78S, EV 83.8 MPH)
|
|
Batting: LHB George Jedinak
|
0-0: Ground out 6-3 (Groundball, 6MS, EV 69.4 MPH)
|
| Bottom of the 7th over - 0 runs, 0 hits, 0 errors, 0 left on base; Oklahoma State University 2 - Clemson University 0 |
| TOP OF THE 8TH |
|
Oklahoma State University Cowboys batting - Pitching for Clemson University Tigers : RHP John Sweet
|
|
Pitching: LHP Brian Anderson
|
|
|
Batting: LHB Cory Rohr
|
0-0: Swinging Strike 0-1: Ball 1-1: Swinging Strike 1-2: Ball 2-2: Strikes out swinging
|
|
Pitching: RHP Joachim Marot
|
|
|
Batting: RHB Rory Cardosi
|
0-0: Ball 1-0: Ball 2-0: Ball 3-0: Base on Balls
|
|
Batting: RHB Estevan Alvarez
|
0-0: Called Strike 0-1: Ball 1-1: Swinging Strike 1-2: Strikes out swinging
|
|
Batting: RHB Frederik Koster
|
0-0: Ball 1-0: Called Strike 1-1: Ball 2-1: Fly out, F7 (Flyball, 7LM, EV 100.0 MPH)
|
| Top of the 8th over - 0 runs, 0 hits, 0 errors, 1 left on base; Oklahoma State University 2 - Clemson University 0 |
| BOTTOM OF THE 8TH |
|
Clemson University Tigers batting - Pitching for Oklahoma State University Cowboys : LHP Ellis Harris
|
|
Batting: RHB Jose Rolon
|
0-0: Fly out, F8 (Flyball, 8RM, EV 91.2 MPH)
|
|
Batting: RHB Willis Suarez
|
0-0: Ball 1-0: Ball 2-0: Called Strike 2-1: Called Strike 2-2: Foul Ball, location: 2F 2-2: Foul Ball, location: 2F 2-2: Foul Ball, location: 2F 2-2: SINGLE (Groundball, 56D, EV 100.6 MPH)
|
|
Pitching: RHP Justin Reed
|
|
|
Batting: LHB Mario Nunez
|
0-0: Ball 1-0: Called Strike 1-1: Ball 2-1: Foul Ball, location: 2F 2-2: Strikes out swinging
|
|
Batting: RHB Josh LeSage
|
0-0: Called Strike 0-1: Ground out 1-3 (Groundball, 15S, EV 67.5 MPH)
|
| Bottom of the 8th over - 0 runs, 1 hit, 0 errors, 1 left on base; Oklahoma State University 2 - Clemson University 0 |
| TOP OF THE 9TH |
|
Oklahoma State University Cowboys batting - Pitching for Clemson University Tigers : RHP Joachim Marot
|
|
Pitching: RHP Richard Clements
|
|
|
Batting: RHB Simon Gravitt
|
0-0: Foul Ball, location: 2F 0-1: Swinging Strike 0-2: Ball 1-2: Foul Ball, location: 2F 1-2: Strikes out swinging
|
|
Batting: RHB Jon Guzman
|
0-0: Called Strike 0-1: Called Strike 0-2: Foul Ball, location: 2F 0-2: Ball 1-2: Ball 2-2: Foul Ball, location: 2F 2-2: Foul Ball, location: 2F 2-2: SINGLE (Flyball, 78S, EV 96.9 MPH)
|
|
Batting: LHB Kyle David
|
0-0: Foul Ball, location: 2F 0-1: SINGLE (Line Drive, 89S, EV 88.8 MPH) Jon Guzman to second Runner from 2nd tries for 3rd, SAFE, no throw by RF
|
|
Batting: LHB Jeff Williams
|
0-0: Ball 1-0: Ball 2-0: Called Strike 2-1: Swinging Strike 2-2: Foul Ball, location: 2F 2-2: Strikes out swinging
|
|
Pitching: LHP Will West
|
|
|
Batting: RHB Magnus Laursen
|
0-0: Called Strike 0-1: Ball 1-1: Called Strike 1-2: Ball 2-2: SINGLE (Groundball, 6, EV 104.4 MPH) Jon Guzman scores Kyle David to second
|
|
Batting: LHB Cory Rohr
|
0-0: Called Strike 0-1: Foul Ball, location: 2F 0-2: Ball Wild Pitch! Kyle David to third Magnus Laursen to second 1-2: 3-RUN HOME RUN (Flyball, 9D, EV 110.0 MPH), Distance : 403 ft
|
|
Batting: RHB Rory Cardosi
|
0-0: Ball 1-0: Ground out 5-3 (Groundball, 56S, EV 85.6 MPH)
|
| Top of the 9th over - 4 runs, 4 hits, 0 errors, 0 left on base; Oklahoma State University 6 - Clemson University 0 |
| BOTTOM OF THE 9TH |
|
Clemson University Tigers batting - Pitching for Oklahoma State University Cowboys : RHP Justin Reed
|
|
Batting: RHB Marco Maggs
|
0-0: Ball 1-0: Fly out, F4 (Popup, 4, EV 66.2 MPH)
|
|
Batting: RHB David Rhodes
|
0-0: Ball 1-0: DOUBLE (Flyball, 89D, EV 96.2 MPH)
|
|
Batting: LHB Steve Gates
|
0-0: Called Strike 0-1: Ground out 4-3 (Groundball, 4D, EV 100.6 MPH) David Rhodes to third
|
|
Batting: RHB Jason Duncan
|
0-0: Ball 1-0: Ball 2-0: Called Strike 2-1: Called Strike 2-2: Ground out 6-3 (Groundball, 6, EV 90.6 MPH)
|
| Bottom of the 9th over - 0 runs, 1 hit, 0 errors, 1 left on base; Oklahoma State University 6 - Clemson University 0 |
|